 Dungeon Crawl Stone Soup version 0.31-a0-889-g1a8549509d (webtiles) character file.

Game seed: 8638670133302076082

87 Arex the Shield-Bearer (level 4, -1/24 HPs)
             Began as a Vine Stalker Fighter on Oct 16, 2023.
             Succumbed to an orc wizard's poison
             ... on level 3 of the Dungeon.
             The game lasted 00:02:39 (2437 turns).

Arex the Shield-Bearer (Vine Stalker Fighter)       Turns: 2437, Time: 00:02:39

Health: -1/24      AC:  6    Str: 20    XL:     4   Next: 51%
Magic:  2/5        EV:  9    Int:  8    God:
Gold:   150        SH:  0    Dex: 14    Spells: 3/3 levels left

rFire   . .          .
                       - Unarmed
rCold   . . .        b - +0 buckler
rNeg    . . .        a - +0 scale mail
rPois   .            (no helmet)
rElec   .            (no cloak)
rCorr   .            (no gloves)
SInv    .            (no boots)
Will    .....        (no amulet) Stlth
                     (no ring)
HPRegen 1.04/turn    (no ring)
MPRegen 0.09/turn

%: guardian spirit
@: confused, lethally poisoned (-1 -> -19)
A: fangs 2, regeneration 1, magic shield, antimagic bite, no potion heal 2
a: no special abilities


You were on level 3 of the Dungeon.
You visited 1 branch of the dungeon, and saw 3 of its levels.

You collected 150 gold pieces.

Inventory:

Armour
 a - a +0 scale mail (worn)
 b - a +0 buckler (worn)
Talismans
 f - a blade talisman
 h - a flux talisman
Scrolls
 d - a scroll of enchant armour
 g - a scroll of silence {unknown}
 i - a scroll of fear {unknown}
 j - a scroll of vulnerability {unknown}
 l - a scroll of immolation {unknown}
 m - a scroll of teleportation
Potions
 c - 2 potions of might
 e - a potion of berserk rage {unknown}
 k - 2 potions of curing
 n - a potion of invisibility {unknown}


   Skills:
 + Level 3.1 Fighting
 + Level 2.9 Armour
 + Level 3.1 Shields
 + Level 2.6 Unarmed Combat
 * Level 1.3 Shapeshifting


You had 3 spell levels left.
You didn't know any spells.
Your spell library contained the following spells:

 Spells                   Type           Power      Damage    Failure   Level
 Magic Dart               Conj           0%         1d3       83%         1
 Searing Ray              Conj           0%         2d4       93%         2
 Call Canine Familiar     Summ           0%         N/A       99%         3
 Sigil of Binding         Hex            0%         N/A       99%         3
 Dimensional Bullseye     Hex/Tloc       0%         N/A       100%        4
 Fulminant Prism          Conj/Hex       0%         3d5       100%        4
 Leda's Liquefaction      Hex/Erth       0%         N/A       100%        4


Dungeon Overview and Level Annotations

Branches:
Dungeon (3/15)

Altars:
Okawaru


Innate Abilities, Weirdness & Mutations

You have extremely sharp teeth.
Your natural rate of healing is unusually fast.
When hurt, damage is shared between your health and your magic reserves.
Your bite disrupts and absorbs the magic of your enemies.
Potions cannot restore your health.


Message History

Deactivating autopickup; reactivate with Ctrl-A.
The orc wizard mumbles some strange words.
The orc wizard flickers and vanishes!
The orc attacks as it pursues you! You block the orc's attack.
You hit the orc. You bite the orc, but do no damage.
The orc is almost dead.
You block the orc's attack.
You hit the orc.
You kill the orc!
You are confused.
You bump into the rock wall.
Something hits you.
You completely miss something. Something hits you.
Unknown command.
You feel less confused. Something hits you but does no damage.
Something hits you.
You are poisoned.
You feel very sick.
You feel sick.
A puff of flame appears from out of thin air!
The puff of flame misses you.
You feel sick.
A magic dart appears from out of thin air!
The magic dart hits you.
You feel sick. Something hits you.
You hit something. Your bite misses something.
You feel sick. Something hits you.
You are more poisoned.
You block something's attack.
You hit something but do no damage. Your bite misses something.
You feel very sick. Something hits you.
* * * LOW HITPOINT WARNING * * *
You are more poisoned.
You hear some strange, mumbled words.
You are confused.
You are too injured to fight recklessly!
You bump into the rock wall.
You die...

..##.###.#...####{........####...
..##.# #.....# #.......# ##.#
#.##.# ### ..# #.....# ##. .###.#
..# #...# #. . #.# .# #'# #. .
#.. ####)# #. ## ##....# #.
#...####{....##### #.
#......@{........# #.
#...####.......#.# #. ##
##.....##.# #. ####.###.######.
### #[...)... #########


There were no monsters in sight!

Vanquished Creatures
  3 gnolls (D:2)
  An adder (D:3)
  A dart slug (D:1)
  An orc (D:3)
  3 ball pythons
  5 endoplasms
  3 giant cockroaches (D:2)
  4 hobgoblins
  4 quokkas
  2 bats
  3 frilled lizards
  4 goblins
  8 kobolds
  4 rats
46 creatures vanquished.

Notes
Turn   | Place    | Note
-------+----------+-------------------------------------------
     0 | D:1      | Arex the Vine Stalker Fighter began the quest for the Orb.
     0 | D:1      | Reached XP level 1. HP: 11/11 MP: 2/2
    93 | D:1      | Reached XP level 2. HP: 16/16 MP: 3/3
   792 | D:1      | Found a faded altar of an unknown god.
  1007 | D:2      | Reached XP level 3. HP: 19/19 MP: 4/4
  1612 | D:2      | Reached XP level 4. HP: 19/24 MP: 3/5
  1943 | D:2      | Reached skill level 1 in Shapeshifting
  1965 | D:3      | Found an iron altar of Okawaru.
  2437 | D:3      | Succumbed to an orc wizard's poison

Illustrated notes

Levels and vault maps discovered:
D:1:      dpeg_arrival_pond, layout_loops_corners, basic_ecumenical_altar,
          grunt_decor_clamped
D:2:      layout_loops_cross
D:3:      layout_loops_corners, amcnicky_altar_gilded, small_statue_alley_b

Skill      XL: |  1  2  3  4 |
---------------+-------------+-----
Shields        | 3 |  3.1
Fighting       | 3 |  3.1
Shapeshifting  | 1 |  1.3
Armour         | |  2.9
Unarmed Combat | |  2.6

Action                     |  1- 3 |  4- 6 || total
---------------------------+-------+-------++-------
  Melee: Unarmed           |   112 |    49 ||   161
         Bite              |    26 |    11 ||    37
    Use: Scroll            |       |     3 ||     3
 Armour: Scale mail        |    55 |    29 ||    84
  Dodge: Dodged            |    49 |    17 ||    66
  Block: Buckler           |    19 |     8 ||    27

Table legend: (Time is in decaauts)
 A = Elapsed time spent in this place.
 B = Non-inter-level travel time spent in this place.
 C = Inter-level travel time spent in this place.
 D = Time resting spent in this place.
 E = Time spent auto-exploring this place.
 F = Levels seen in this place.
 G = Mean time per level.
                   A        B        C        D        E       F      G
               +--------+--------+--------+--------+--------+-----+--------+
         Total |   2435 |   2299 |    136 |      0 |   1926 |   3 |  811.7 |
       Dungeon |   2435 |   2299 |    136 |      0 |   1926 |   3 |  811.7 |
               +--------+--------+--------+--------+--------+-----+--------+

Top non-repeatable levels by time:
     D:1: 994 daAuts
     D:2: 956 daAuts
     D:3: 484 daAuts
